Map: Fields of Death

Players

Manta - Winner!

  • Race: Zerg Zerg
  • League: Silver

KiiiA - Winner!

  • Race: Protoss Protoss
  • League: Platinum

MattHipsh

  • Race: Protoss Protoss

bwhuebsch

  • Race: Zerg Zerg

VOD

Have the link to the VOD?

Description

Time

  • Played on: Feb. 20, 2016, 12:35 a.m.
  • Length: 12:57
Show
View Real Time Build Order
Export as new Build Order

Manta Zerg - Winner!

Build Orders: Hatch First 

Get SALT Encoding   

  12  0:02  Drone  
  13  0:30  Hatchery  
  12  0:35  Drone  
  13  0:45  Extractor  
  12  0:57  Spawning Pool  
  12  1:00  Drone  
  12  1:09  Drone x2  
  14  1:20  Overlord  
  14  1:45  Drone  
  14  1:46  Zergling x4  
  14  1:47  Zergling x2  
  18  1:50  Metabolic Boost  
  18  2:33  Drone x3, Extractor  
  20  2:45  Drone x2  
  22  2:58  Hatchery  
  21  3:00  Lair  
  21  3:02  Drone  
  22  3:13  Drone x3  
  22  3:19  Overlord  
  25  3:31  Drone  
  25  3:32  Drone x2  
  28  3:36  Overlord  
  28  4:01  Spire  
  27  4:08  Overlord x2  
  27  4:11  Drone  
  27  4:12  Drone  
  29  4:17  Queen  
  29  4:20  Drone  
  32  4:31  Queen  
  34  4:44  Drone  
  34  4:45  Drone  
  36  4:47  Extractor  
  36  4:50  Drone x2, Extractor  
  36  5:16  Hatchery  
  36  5:17  Drone  
  36  5:18  Drone x5  
  41  5:43  Mutalisk x5  
  41  5:46  Overlord  
  51  6:07  Drone x2  
  53  6:19  Mutalisk  
  53  6:20  Mutalisk x2  
  59  6:30  Drone x6  
  59  6:31  Drone  
  66  6:35  Overlord  
  65  7:00  Mutalisk  
  65  7:01  Mutalisk x3  
  67  7:02  Hatchery  
  67  7:03  Overlord x3  
  72  7:19  Drone x2  
  72  7:22  Drone x2  
  76  7:24  Drone  
  76  7:27  Drone x3  
  80  7:38  Queen  
  80  7:40  Extractor  
  81  7:56  Drone x5  
  86  8:04  Mutalisk x4  
  86  8:05  Mutalisk  
  96  8:13  Extractor  
  96  8:14  Drone  
  96  8:15  Drone  
  96  8:16  Drone  
  98  8:52  Mutalisk  
  98  8:53  Mutalisk x4  
  104  8:55  Overlord x2  
  104  8:56  Overlord x6  
  104  8:57  Overlord  
  104  9:13  Queen, Zerg Flyer Armor Level 1  
  106  9:18  Queen  
  106  9:20  Hatchery  
  106  9:22  Queen  
  109  9:25  Hatchery  
  109  9:27  Spire  
  109  9:29  Drone  
  109  9:30  Drone x6  
  109  9:31  Drone  
  115  9:33  Drone x4  
  115  9:35  Mutalisk x2  
  115  9:38  Drone x2  
  125  9:39  Drone  
  122  10:35  Mutalisk  
  122  10:36  Mutalisk x12  
  148  10:44  Extractor  
  148  10:46  Extractor  
  146  10:57  Mutalisk  
  146  10:58  Mutalisk x2  
  146  10:59  Zergling x2  
  146  11:00  Zergling x28  
  167  11:13  Drone x2  
  167  11:14  Drone x2  
  171  11:28  Drone x3  
  171  11:29  Drone x4  
  178  11:44  Hatchery  
  169  12:18  Mutalisk x3  
  169  12:19  Mutalisk x7  
  169  12:20  Zergling x2  
  188  12:24  Overlord x8  
Show
View Real Time Build Order
Export as new Build Order

KiiiA Protoss - Winner!

Build Orders: Mass Adepts 

Get SALT Encoding   

  12  0:02  Probe (Chrono Boost)  
  13  0:13  Probe (Chrono Boost)  
  14  0:18  Pylon  
  14  0:24  Probe (Chrono Boost)  
  15  0:36  Probe (Chrono Boost)  
  15  0:38  Gateway  
  16  0:47  Probe (Chrono Boost)  
  17  0:52  Gateway  
  17  1:04  Probe (Chrono Boost)  
  18  1:15  Probe (Chrono Boost)  
  18  1:16  Assimilator  
  18  1:18  Pylon  
  19  1:25  Cybernetics Core, Probe (Chrono Boost)  
  20  1:31  Assimilator  
  20  1:36  Probe (Chrono Boost)  
  21  1:46  Probe (Chrono Boost)  
  22  1:52  Pylon  
  22  2:03  Probe (Chrono Boost)  
  22  2:06  Warp Gate (Chrono Boost)  
  23  2:30  Mothership Core  
  23  2:32  Adept x2  
  29  2:38  Gateway  
  29  2:39  Pylon  
  29  2:41  Gateway  
  29  2:51  Probe  
  30  3:05  Nexus  
  30  3:18  Adept  
  32  3:21  Adept  
  34  3:28  Adept  
  34  3:31  Adept  
  38  3:36  Probe  
  39  3:44  Pylon  
  39  4:08  Pylon  
  39  4:11  Adept x2  
  39  4:12  Adept  
  39  4:13  Adept  
  47  4:17  Probe (Chrono Boost)  
  47  4:20  Probe (Chrono Boost)  
  41  4:58  Probe x2 (Chrono Boost)  
  43  5:02  Stalker  
  43  5:04  Adept x2  
  43  5:06  Sentry  
  49  5:08  Probe x2 (Chrono Boost)  
  49  5:12  Assimilator  
  47  5:19  Probe x2 (Chrono Boost)  
  49  5:29  Probe (Chrono Boost)  
  49  5:35  Pylon  
  50  5:36  Stalker  
  50  5:59  Probe (Chrono Boost)  
  50  6:00  Probe (Chrono Boost)  
  50  6:03  Nexus  
  48  6:07  Twilight Council  
  48  6:10  Probe x2 (Chrono Boost), Gateway x2  
  50  6:13  Adept x2  
  48  6:35  Stargate  
  48  6:37  Probe x2 (Chrono Boost)  
  50  6:47  Assimilator, Probe x2 (Chrono Boost)  
  50  6:53  Templar Archives  
  52  6:55  Pylon, Dark Shrine  
  52  6:58  Probe x2 (Chrono Boost)  
  54  7:06  Gateway  
  55  7:08  Probe (Chrono Boost)  
  55  7:09  Robotics Facility, Probe (Chrono Boost)  
  56  7:15  Robotics Facility  
  56  7:18  Pylon  
  56  7:23  Psionic Storm  
  56  7:27  Forge  
  56  7:29  Forge  
  56  7:38  High Templar  
  56  7:41  High Templar  
  60  7:46  Zealot x2  
  60  7:49  Probe x2  
  60  7:50  Probe  
  67  7:58  Assimilator  
  67  8:00  Probe x2  
  67  8:03  Probe  
  67  8:05  Pylon  
  70  8:07  Immortal  
  74  8:16  Probe x2  
  74  8:17  Probe  
  80  8:25  Assimilator  
  80  8:29  Probe  
  78  8:36  Pylon, Probe x2  
  80  8:41  Probe  
  80  8:46  Probe  
  82  8:51  Immortal x2  
  82  8:53  Protoss Ground Armor Level 1 (Chrono Boost)  
  82  8:54  Protoss Ground Weapons Level 1 (Chrono Boost)  
  90  8:57  High Templar  
  90  8:59  High Templar  
  90  9:01  Probe  
  90  9:02  Probe  
  95  9:03  Probe  
  97  9:11  Probe, Nexus  
  97  9:13  Pylon  
  97  9:14  Probe  
  99  9:22  High Templar, Zealot  
  99  9:23  Zealot x2  
  107  9:30  Immortal  
  111  9:39  Immortal  
  115  9:50  Dark Templar x3  
  115  9:51  Zealot x2  
  125  10:07  Pylon  
  125  10:10  Pylon  
  125  10:21  Probe  
  125  10:22  Gateway  
  125  10:23  Gateway, Probe x2  
  125  10:24  Pylon  
  125  10:26  Pylon  
  128  10:32  Probe  
  128  10:35  Probe  
  124  10:37  Protoss Ground Weapons Level 2 (Chrono Boost), Protoss Ground Armor Level 2 (Chrono Boost)  
  124  10:38  Immortal  
  124  10:39  Immortal  
  124  11:03  High Templar  
  124  11:04  High Templar x2  
  128  11:05  Dark Templar  
  128  11:06  Zealot  
  134  11:13  Probe  
  134  11:15  Probe x2  
  137  11:19  Nexus  
  137  11:24  Probe  
  137  11:27  High Templar x2, Probe x2  
  137  11:29  Stalker, Zealot  
  137  11:31  Archon  
  144  11:35  Probe  
  144  11:39  Probe  
  134  11:54  Stalker  
  134  11:55  Stalker x2  
  134  11:56  Stalker x2  
  134  11:57  Stalker  
  146  12:03  Pylon  
  132  12:40  Stalker x3  
  132  12:41  Stalker x3  
  132  12:42  Stalker x3  
  150  12:53  Assimilator  
  150  12:56  Assimilator  
Show
View Real Time Build Order
Export as new Build Order

MattHipsh Protoss 

Build Orders:  

Get SALT Encoding   

  12  0:01  Probe (Chrono Boost)  
  13  0:12  Probe (Chrono Boost)  
  14  0:21  Pylon  
  14  0:23  Probe (Chrono Boost)  
  15  0:39  Probe (Chrono Boost)  
  15  0:41  Gateway  
  16  0:49  Probe (Chrono Boost)  
  17  0:58  Pylon  
  17  1:00  Probe (Chrono Boost)  
  18  1:06  Assimilator  
  18  1:10  Probe (Chrono Boost)  
  19  1:18  Gateway  
  19  1:21  Probe (Chrono Boost)  
  20  1:29  Zealot  
  22  1:37  Probe (Chrono Boost)  
  23  1:44  Assimilator  
  23  1:50  Probe (Chrono Boost)  
  24  1:59  Cybernetics Core  
  24  2:00  Probe (Chrono Boost)  
  25  2:01  Forge  
  25  2:05  Pylon  
  25  2:06  Zealot  
  27  2:22  Probe (Chrono Boost)  
  28  2:24  Pylon  
  28  2:28  Zealot  
  30  2:32  Probe (Chrono Boost)  
  31  2:43  Probe (Chrono Boost)  
  32  2:57  Nexus  
  32  3:01  Stalker  
  34  3:13  Probe (Chrono Boost)  
  34  3:18  Stalker  
  37  3:21  Protoss Ground Weapons Level 1  
  37  3:24  Probe (Chrono Boost)  
  38  3:36  Photon Cannon  
  38  3:40  Photon Cannon  
  38  3:59  Stalker  
  38  4:00  Stalker  
  38  4:02  Probe (Chrono Boost)  
  43  4:09  Probe (Chrono Boost)  
  44  4:12  Probe (Chrono Boost)  
  45  4:17  Protoss Air Weapons Level 1  
  45  4:20  Probe (Chrono Boost)  
  46  4:24  Robotics Facility  
  44  4:45  Photon Cannon  
  44  4:48  Photon Cannon  
  44  4:51  Photon Cannon  
  44  4:54  Pylon  
  44  4:55  Photon Cannon  
  43  5:17  Photon Cannon  
  42  5:22  Stalker  
  42  5:23  Stalker  
  46  5:52  Stalker  
  46  5:53  Stalker  
  46  6:09  Probe (Chrono Boost)  
  48  6:11  Probe (Chrono Boost)  
  48  6:20  Probe (Chrono Boost)  
  48  6:22  Stalker, Probe (Chrono Boost)  
  52  6:30  Probe (Chrono Boost), Stalker  
  52  6:32  Probe (Chrono Boost)  
  56  6:41  Probe (Chrono Boost)  
  56  6:43  Probe (Chrono Boost)  
  58  6:51  Probe (Chrono Boost)  
  58  6:52  Stalker  
  58  6:53  Probe (Chrono Boost)  
  62  7:17  Pylon  
  62  7:19  Pylon  
  62  7:22  Pylon  
  62  7:27  Assimilator  
  62  7:31  Assimilator  
  62  7:35  Probe x2 (Chrono Boost), Stalker x2  
  68  7:46  Observer, Probe x2 (Chrono Boost)  
  71  7:56  Probe x2 (Chrono Boost)  
  71  7:58  Nexus  
  73  8:05  Stalker x2  
  77  8:07  Observer, Probe x2 (Chrono Boost)  
  80  8:13  Photon Cannon  
  80  8:15  Photon Cannon  
  80  8:18  Pylon  
  80  8:19  Photon Cannon  
  80  8:21  Photon Cannon  
  80  9:11  Pylon  
  80  9:14  Pylon  
  80  9:17  Assimilator  
  80  9:23  Probe x3 (Chrono Boost)  
  80  9:24  Assimilator  
  83  9:30  Stalker x2  
  87  9:33  Probe x3 (Chrono Boost)  
  90  10:00  Stalker  
  90  10:01  Photon Cannon  
  90  10:02  Photon Cannon  
  90  10:05  Photon Cannon  
  92  10:09  Photon Cannon  
  92  10:13  Photon Cannon  
  92  10:16  Photon Cannon  
  92  10:19  Photon Cannon  
  92  10:21  Photon Cannon  
  60  10:59  Stalker x2  
  64  11:24  Immortal  
  68  11:29  Stalker x2  
  72  11:35  Stargate  
  72  11:36  Stargate  
  72  11:38  Stargate  
  57  11:55  Photon Cannon  
  57  11:57  Photon Cannon  
  57  11:59  Stalker x2  
  60  12:02  Photon Cannon  
  56  12:17  Pylon  
  56  12:21  Pylon  
  60  12:24  Pylon  
  55  12:41  Pylon  
  55  12:43  Pylon  
  53  12:46  Pylon  
Show
View Real Time Build Order
Export as new Build Order

bwhuebsch Zerg 

Build Orders: Pool First 

Get SALT Encoding   

  12  0:02  Drone  
  13  0:16  Overlord  
  13  0:18  Drone  
  14  0:36  Drone x2  
  16  0:56  Spawning Pool  
  15  1:00  Drone x2  
  15  1:01  Drone  
  18  1:08  Extractor  
  17  1:15  Drone  
  17  1:17  Evolution Chamber  
  17  1:25  Drone  
  18  1:36  Drone  
  19  1:43  Queen  
  19  1:45  Drone  
  22  1:48  Extractor  
  21  1:55  Overlord  
  21  2:09  Zergling x2  
  22  2:34  Drone x2  
  24  2:47  Zergling x2  
  25  2:53  Metabolic Boost, Zerg Melee Weapons Level 1  
  25  2:54  Hatchery  
  24  2:59  Drone x2, Zergling x2  
  24  3:00  Zergling x2  
  28  3:20  Spine Crawler  
  28  3:25  Spine Crawler  
  26  3:30  Spore Crawler  
  26  3:31  Drone x3, Spore Crawler  
  27  3:55  Zergling x2  
  27  3:56  Zergling x4  
  30  4:10  Queen  
  30  4:13  Drone  
  33  4:25  Baneling Nest  
  33  4:27  Roach Warren  
  16  5:07  Zergling x12  
  19  5:15  Drone x3  
  22  5:28  Lair  
  21  5:44  Baneling x5  
  14  6:09  Drone  
  8  6:56  Drone x4  
  12  7:14  Drone  
  13  7:38  Drone x2  
  15  7:48  Drone  
  16  8:12  Queen  
  17  8:43  Drone x3  
  20  8:50  Drone x2  
  22  9:06  Overlord  
  22  9:14  Drone  
  22  9:16  Drone  
  24  9:17  Drone  
  24  9:19  Drone  
  26  9:49  Spine Crawler  
  26  9:50  Spine Crawler  
  24  10:03  Drone  
  24  10:04  Drone x5  
  30  10:07  Drone  
  30  10:08  Drone  
  30  10:09  Drone  
  31  10:33  Spore Crawler  
  31  10:35  Spore Crawler  
  29  10:50  Overlord x4  
  29  10:57  Extractor  
  29  10:58  Extractor  
  29  11:04  Spine Crawler  
  26  11:05  Spore Crawler  
  26  11:08  Queen  
  27  11:24  Drone  
  27  11:25  Drone x2  
  30  11:26  Zergling x6  
  30  11:27  Zergling x2  
  34  11:34  Hydralisk Den  
  27  12:05  Overlord  
  27  12:06  Overlord x3  
  16  12:31  Hydralisk  
  16  12:32  Hydralisk x3  
Tags
 
Add a new tag
Caveats
  • Supply blocks, unpowered buildings, or Contaminate may cause inaccurate times.
  • Supply counts are checked every 10 seconds.